 Dungeon Crawl Stone Soup version 0.22-a0-533-g4d20840 (webtiles) character file.

55 kae the Covered (level 3, -2/33 HPs)
             Began as a Minotaur Fighter on June 22, 2018.
             Killed from afar by Sigmund (8 damage)
             ... with a magic dart
             ... on level 2 of the Dungeon.
             The game lasted 00:00:38 (881 turns).

kae the Covered (Minotaur Fighter)                   Turns: 881, Time: 00:00:39

Health: -2/33      AC:  7    Str: 19 (20) XL:     3   Next: 67%
Magic:  2/2        EV: 13    Int:  4 (6)  God:
Gold:   73         SH:  9    Dex: 13 (14) Spells: 2/2 levels left

rFire    . . .     SeeInvis .   a - +0 long sword
rCold    . . .     Gourm    .   c - +0 shield
rNeg     . . .     Faith    .   b - +0 scale mail
rPois    .         Spirit   .   (helmet restricted)
rElec    .         Reflect  .   (no cloak)
rCorr    .         Harm     .   (no gloves)
MR       .....                  (no boots)
Stlth    +.........             (no amulet)
HPRegen  0.11/turn              (no ring)
MPRegen  0.08/turn              (no ring)

@: agile, hasted, very quick
A: retaliatory headbutt, horns 2
a: no special abilities


You were on level 2 of the Dungeon.
You were not hungry.

You visited 1 branch of the dungeon, and saw 2 of its levels.

You collected 73 gold pieces.

Inventory:

Hand Weapons
 a - a +0 long sword (weapon)
Armour
 b - a +0 scale mail (worn)
 c - a +0 shield (worn)
Scrolls
 e - 2 scrolls of teleportation {unknown}
 h - a scroll of fear {unknown}
 i - a scroll of immolation {unknown}
 m - a scroll of identify {unknown}
Potions
 d - a potion of might
 g - a potion of agility
Comestibles
 f - 4 rations


   Skills:
 + Level 4.0 Fighting
 * Level 3.6 Long Blades
 + Level 4.1 Armour
 + Level 1.4 Dodging
 - Level 3.6 Shields


You had 2 spell levels left.
You didn't know any spells.
Your spell library was empty.

Dungeon Overview and Level Annotations

Branches:
Dungeon (2/15)

Altars:

Annotations:
D:2 Sigmund


Innate Abilities, Weirdness & Mutations

You reflexively headbutt those who attack you in melee.
You have a pair of horns on your head.


Message History

* * * LOW HITPOINT WARNING * * *
You feel less invigorated.
You feel less confused. The frilled lizard misses you.
You riposte.
You hit the frilled lizard.
You kill the frilled lizard!
Sigmund casts a spell.
Sigmund flickers and vanishes!
Deactivating autopickup; reactivate with Ctrl-A.
You slash something! Something hits you.
* * * LOW HITPOINT WARNING * * *
You barely miss something. Your headbutt misses something.
You hear some strange, mumbled words.
A magic dart appears from out of thin air!
The magic dart hits you!
* * * LOW HITPOINT WARNING * * *
It was a potion of haste.
You feel yourself speed up. Something hits you.
* * * LOW HITPOINT WARNING * * *
A magic dart appears from out of thin air!
The magic dart hits you!
You die...

.........##....................
#.......##....................
.#.............................
..l............................
..#####....#....###.......##...
.......†...#....###.......##...
...............................
.$.........#....###.......##...
...........#..@.# #....)..##...
##.........#....# #.......#####
####......#....# #............
..##....#....# #............
... #....#....# #............
.... #....#....# #............
.. #....#....# #............
###### #............
##########...


There were no monsters in sight!

Vanquished Creatures
  An adder (D:2)
  2 worms (D:2)
  4 dart slugs (D:1)
  A leopard gecko (D:1)
  A ball python (D:1)
  7 bats
  3 giant cockroaches
  2 goblins
  2 hobgoblins
  3 kobolds
  A quokka (D:2)
  4 frilled lizards
  A rat (D:1)
32 creatures vanquished.

Notes
Turn   | Place    | Note
-------+----------+-------------------------------------------
     0 | D:1      | kae the Minotaur Fighter began the quest for the Orb.
     0 | D:1      | Reached XP level 1. HP: 19/19 MP: 0/0
    58 | D:1      | Reached XP level 2. HP: 22/27 MP: 1/1
   260 | D:1      | Reached skill level 1 in Dodging
   497 | D:2      | Reached XP level 3. HP: 33/33 MP: 2/2
   856 | D:2      | Noticed Sigmund
   881 | D:2      | Killed from afar by Sigmund

Vault maps used:
D:1:      minmay_arrival_checkered_box, minmay_box_of_dots
D:2:      uniq_sigmund

Skill      XL: |  1  2  3 |
---------------+----------+-----
Long Blades    | 3 |  3.6
Dodging        | 1 |  1.4
Armour         | 4 |  4.1
Fighting       | 4 |  4.0
Shields        | |  3.6

Action                   || total
-------------------------++-------
Melee: Long sword        ||    70
       Headbutt          ||    12
  Use: Potion            ||     4
Armor: Scale mail        ||    38
Dodge: Dodged            ||    19
Block: Shield            ||    40
       Rpst.: Long sword ||     7

Table legend:
 A = Spawn XP
 B = Non-spawn XP
 C = Spawn XP percentage of total XP
 D = Spawn monster count
 E = Non-spawn monster count
 F = Spawn count percentage of total count
 G = Total turns spent on level
                    A         B        C        D         E        F      G
               +---------+---------+-------+---------+---------+-------+---------
         Total |       0 |      79 |   0.0 |       0 |      32 |   0.0 |   881
               +---------+---------+-------+---------+---------+-------+---------
           D:1 |       0 |      38 |   0.0 |       0 |      18 |   0.0 |   487
           D:2 |       0 |      41 |   0.0 |       0 |      14 |   0.0 |   394
               +---------+---------+-------+---------+---------+-------+---------
